 Dungeon Crawl Stone Soup version 0.27-a0-1319-geec4fb4e21 (webtiles) character file.

Game seed: 4591192650998252428

517 drugrobin the Skirmisher (level 6, -6/46 HPs)
             Began as a Demigod Warper on June 19, 2021.
             Mangled by a wyvern (18 damage)
             ... on level 6 of the Dungeon on June 22, 2021.
             The game lasted 00:18:36 (7319 turns).

drugrobin the Skirmisher (Demigod Warper)           Turns: 7319, Time: 00:18:37

Health: -6/46      AC:  4    Str: 17 (18) XL:     6   Next: 68%
Magic:  0/15       EV: 11    Int: 16 (19) God:
Gold:   233        SH:  0    Dex: 12 (13) Spells: 6/12 levels left

rFire    . . .     SeeInvis .   b - +0 hunting sling
rCold    . . .     Faith    .   (no shield)
rNeg     . . .     Spirit   +   p - +0 leather armour
rPois    +         Reflect  .   y - +0 hat of Olodoup {Will+ rCorr Str+2}
rElec    .         Harm     .   C - +0 cloak
rCorr    +         Rampage  .   (no gloves)
Will     +....                  (no boots)
Stlth    +.........             w - amulet of guardian spirit
HPRegen  0.15/turn              k - ring of poison resistance
MPRegen  0.14/turn              (no ring)

@: no status effects
A: high mp 1, forlorn, frail 1
a: no special abilities


You were on level 6 of the Dungeon.
You visited 1 branch of the dungeon, and saw 6 of its levels.

You collected 263 gold pieces.
You spent 30 gold pieces at shops.

Inventory:

Hand Weapons
 a - a +0 spear
 b - a +0 hunting sling (weapon)
Missiles
 d - 7 boomerangs of dispersal
 g - 172 stones
 h - 6 poisoned darts
 m - 157 arrows
 q - 20 sling bullets (quivered ammo)
 z - 7 boomerangs
Armour
 p - a +0 leather armour (worn)
 y - the +0 hat of Olodoup (worn) {Will+ rCorr Str+2}
   (You found it on level 4 of the Dungeon)

   It affects your strength (+2).
   It protects you from acid and corrosion.
   It increases your willpower.
 C - a +0 cloak (worn)
Jewellery
 k - a ring of poison resistance (left hand)
 w - an amulet of guardian spirit (around neck)
Scrolls
 c - 2 scrolls of blinking
 e - 5 scrolls of identify {unknown}
 j - 3 scrolls of noise {unknown}
 l - 2 scrolls of enchant armour {unknown}
 r - a scroll of magic mapping {unknown}
 t - a scroll of fear {unknown}
 x - a scroll of immolation {unknown}
 A - 2 scrolls of enchant weapon {unknown}
 B - 3 scrolls of acquirement {unknown}
 D - a scroll of amnesia {unknown}
Potions
 f - a potion of resistance {unknown}
 n - a potion of degeneration
 o - 2 potions of mutation
 s - 2 potions of lignification {unknown}
 u - 2 potions of ambrosia {unknown}
 v - 2 potions of flight {unknown}


   Skills:
 + Level 4.1 Fighting
 - Level 1.7 Polearms
 - Level 0.8 Throwing
 - Level 0.8 Armour
 - Level 1.7 Dodging
 + Level 3.9 Spellcasting
 + Level 2.5 Necromancy
 + Level 3.8 Translocations


You had 6 spell levels left.
You knew the following spells:

 Your Spells              Type           Power      Damage    Failure   Level
a - Teleport Other        Tloc           15%        N/A       13%         3
b - Blink                 Tloc           N/A        N/A       6%          2
c - Pain                  Necr           44%        1d6       7%          1

Your spell library contained the following spells:

 Spells                   Type           Power      Damage    Failure   Level
 Apportation              Tloc           30%        N/A       4%          1
 Animate Skeleton         Necr           22%        N/A       7%          1
 Gell's Gravitas          Tloc           7%         N/A       13%         3
 Lesser Beckoning         Tloc           7%         N/A       13%         3
 Corona                   Hex            3%         N/A       21%         1
 Foxfire                  Conj/Fire      12%        2x1d4     21%         1
 Freeze                   Ice            12%        1d4       21%         1
 Magic Dart               Conj           12%        1d3       21%         1
 Summon Small Mammal      Summ           12%        N/A       21%         1
 Vampiric Draining        Necr           5%         2d6       22%         3
 Ensorcelled Hibernation  Hex/Ice        6%         N/A       30%         2
 Searing Ray              Conj           6%         3d3       30%         2
 Confusing Touch          Hex            3%         N/A       52%         3
 Conjure Flame            Conj/Fire      3%         6-21      52%         3
 Dazzling Flash           Conj/Hex       6%         N/A       52%         3
 Frozen Ramparts          Ice            6%         1d2       52%         3
 Inner Flame              Hex/Fire       3%         N/A       52%         3
 Ozocubu's Armour         Ice            3%         N/A       52%         3
 Tukima's Dance           Hex            3%         N/A       52%         3
 Animate Dead             Necr           5%         N/A       56%         4
 Iskenderun's Mystic Bla  Conj/Tloc      9%         2d4       67%         4
 Manifold Assault         Tloc           15%        N/A       75%         5
 Agony                    Necr           11%        N/A       89%         5
 Fulminant Prism          Conj/Hex       1%         3d6       90%         4
 Hailstorm                Conj/Ice       3%         3d3       90%         4
 Sticky Flame             Conj/Fire      3%         2d3       90%         4
 Fireball                 Conj/Fire      1%         3d3       99%         5
 Metabolic Englaciation   Hex/Ice        1%         N/A       99%         5


Dungeon Overview and Level Annotations

Branches:
Dungeon (6/15)
 Temple: D:4-7

Shops:
D:1 !


Innate Abilities, Weirdness & Mutations

Your attributes grow dramatically as you level up.
You have an increased reservoir of magic. (+10% MP)
You shall have no god before yourself.
You are frail. (-10% HP)


Message History

Throw: 10 darts (poison)
Press: ? - help, Shift-Dir - straight line, f/p - wyvern
Aim: a wyvern (moderately wounded, 59% to hit)
You throw a poisoned dart.
The poisoned dart closely misses the wyvern.
The wyvern bites you but does no damage.
Unknown command.
Okay, then.
Throw: 9 darts (poison)
Press: ? - help, Shift-Dir - straight line, f/p - wyvern
Aim: a wyvern (moderately wounded, 59% to hit)
You throw a poisoned dart. The poisoned dart hits the wyvern.
The wyvern is poisoned.
The wyvern is moderately wounded.
The wyvern closely misses you.
Okay, then.
Throw: 8 darts (poison)
Press: ? - help, Shift-Dir - straight line, f/p - wyvern
Aim: a wyvern (moderately wounded, poisoned, 59% to hit)
You throw a poisoned dart.
The poisoned dart closely misses the wyvern.
The wyvern barely misses you. The wyvern closely misses you.
Unknown command.
Throw: 7 darts (poison)
Press: ? - help, Shift-Dir - straight line, f/p - wyvern
Aim: a wyvern (heavily wounded, poisoned, 59% to hit)
You throw a poisoned dart. The poisoned dart hits the wyvern.
The wyvern looks even sicker.
The wyvern is heavily wounded.
The wyvern bites you!
* * * LOW HITPOINT WARNING * * *
It was a potion of degeneration.
There was something very wrong with that liquid.
You feel weakened.
You feel dopey.
You feel clumsy. The wyvern bites you!
* * * LOW HITPOINT WARNING * * *
The wyvern closely misses you.
You feel better. The wyvern barely misses you. The wyvern bites you!!
You die...

... .....##...##
..$. ..........#
=....###.........#
.........####....#
...#.##.(........#
#...(.....#####
####......#
###.(...(##
###.@l......#####
#...#...........#
#...##(.....(##..)#
...#
#..(.....##.###
#......#.........#
# #.####.....†.###
. ######).# #.##
#.#


You could see a wyvern (very poisoned).

Vanquished Creatures
  A necrophage (D:5)
  An ogre (D:5)
  A wyvern zombie (D:5)
  5 hounds
  4 adders
  A howler monkey skeleton (D:4)
  An adder zombie (D:5)
  An adder skeleton (D:4)
  2 worms
  A dart slug (D:5)
  5 orcs
  10 endoplasms
  4 giant cockroaches
  6 hobgoblins
  6 jackals
  A kobold (D:2)
  3 quokkas
  11 ball pythons
  2 bats (D:3)
  2 frilled lizards (D:2)
  5 goblins
  A rat (D:1)
74 creatures vanquished.

Notes
Turn   | Place    | Note
-------+----------+-------------------------------------------
     0 | D:1      | drugrobin the Demigod Warper began the quest for the Orb.
     0 | D:1      | Reached XP level 1. HP: 17/17 MP: 5/5
     8 | D:1      | Found Lyogil's Distillery.
   301 | D:1      | Reached skill level 2 in Fighting
   563 | D:1      | Bought a potion of curing for 30 gold pieces
   693 | D:1      | Reached XP level 2. HP: 23/24 MP: 5/7
  1901 | D:3      | Reached XP level 3. HP: 14/30 MP: 9/9
  2426 | D:3      | Reached skill level 3 in Fighting
  2919 | D:3      | Learned a level 3 spell: Teleport Other
  2922 | D:3      | Learned a level 2 spell: Blink
  2924 | D:3      | Learned a level 1 spell: Pain
  2993 | D:3      | Reached XP level 4. HP: 34/38 MP: 11/11
  3440 | D:4      | Upgraded the game from 0.27-a0-1308-gc08437e49b to
                  | 0.27-a0-1319-geec4fb4e21
  4139 | D:4      | Reached skill level 1 in Necromancy
  4515 | D:4      | Identified the +0 hat of Olodoup {Will+ rCorr Str+2}
  4802 | D:5      | Entered Level 5 of the Dungeon
  4862 | D:5      | Reached XP level 5. HP: 13/45 MP: 0/13
  5091 | D:5      | Noticed an ogre
  5108 | D:5      | Killed an ogre
  5776 | D:5      | Reached XP level 6. HP: 50/52 MP: 14/14
  6088 | D:5      | Reached skill level 4 in Fighting
  7243 | D:6      | Noticed a wyvern
  7301 | D:6      | Gained mutation: Your natural rate of healing is unusually
                  | fast. [potion of mutation]
  7301 | D:6      | Lost mutation: Your natural rate of healing is unusually
                  | fast. [potion of mutation]
  7301 | D:6      | Gained mutation: You are frail. (-10% HP) [potion of
                  | mutation]
  7319 | D:6      | Mangled by a wyvern

Illustrated notes

Levels and vault maps discovered:
D:1:      dpeg_arrival_orchard, layout_loops_cross, serial_shops, shop_coins,
          ebering_ecumenical_altar_mist
D:2:      layout_loops_ring
D:3:      layout_rooms, grunt_temple_overflow_gold_and_silver,
          minmay_misc_feat_tower
D:4:      layout_cave_pods, chequers_temple_overflow_minitemple
D:5:      layout_basic, marbit_many_paths
D:6:      layout_rooms, minmay_temple_entry_statues_pillars

Skill      XL: |  1  2  3  4  5  6 |
---------------+-------------------+-----
Fighting       | 2 3 4 |  4.1
Spellcasting   | 2 3 |  3.9
Necromancy     | 1 2 |  2.5
Translocations | 3 |  3.8
Polearms       | |  1.7
Throwing       | |  0.8
Armour         | |  0.8
Dodging        | |  1.7

Action                   |  1- 3 |  4- 6 || total
-------------------------+-------+-------++-------
Melee: Spear             |   175 |   181 ||   356
 Fire: Hunting sling     |    31 |    42 ||    73
Throw: Stone             |     1 |     1 ||     2
       Dart              |       |     7 ||     7
       Boomerang         |       |     5 ||     5
 Cast: Blink             |       |    24 ||    24
       Pain              |       |    23 ||    23
       Teleport Other    |       |     3 ||     3
  Use: Potion            |       |     3 ||     3
 Stab: Sleeping          |     1 |     1 ||     2
Armor: Leather armour    |    41 |    41 ||    82
Dodge: Dodged            |   119 |   114 ||   233

Table legend: (Time is in decaauts)
 A = Elapsed time spent in this place.
 B = Non-inter-level travel time spent in this place.
 C = Inter-level travel time spent in this place.
 D = Time resting spent in this place.
 E = Time spent auto-exploring this place.
 F = Levels seen in this place.
 G = Mean time per level.
                   A        B        C        D        E       F      G
               +--------+--------+--------+--------+--------+-----+--------+
         Total |   7327 |   7147 |    180 |   1898 |   4036 |   6 | 1221.2 |
       Dungeon |   7327 |   7147 |    180 |   1898 |   4036 |   6 | 1221.2 |
               +--------+--------+--------+--------+--------+-----+--------+

Top non-repeatable levels by time:
     D:5: 2308 daAuts
     D:4: 1609 daAuts
     D:3: 1241 daAuts
     D:2: 1071 daAuts
     D:1: 981 daAuts
     D:6: 115 daAuts
